[Event "Team 45 45 League T45"]
[Site "Internet Chess Club"]
[Date "2010.06.11"]
[Round "6"]
[White "IceBox"]
[Black "Atlantis"]
[Result "1/2-1/2"]
[WhiteElo "1680"]
[BlackElo "1802"]
[Opening "Nimzo-Indian: 4.e3, main line with 8...dc and 9...cd"]
[ECO "E57"]
[Time "17:21:07"]
[TimeControl "2700+45"]

1. d4 Nf6 2. c4 e6 3. Nc3 Bb4 4. Nf3 c5 5. e3 d5 6. Bd3 dxc4 7. Bxc4 O-O 8. O-O
Nc6 9. a3 cxd4 10. axb4 dxc3 11. bxc3 Qc7 12. Be2 Rd8 13. Qb3 b6 14. Bb2 Bb7 15.
Rfd1 Rxd1+ 16. Rxd1 Rd8 17. h3 h6 18. Rxd8+ Qxd8 19. c4 Qe7 20. Ba3 Qd8 21. Bb2
Qe7 22. Ba3 Qd8 23. Bb2 Qe7 24. Ba3 {Game drawn by repetition} 1/2-1/2

[Event "Team 45 45 League T45"]
[Site "Internet Chess Club"]
[Date "2010.06.15"]
[Round "6"]
[White "BraafPaard"]
[Black "calily"]
[Result "0-1"]
[WhiteElo "1575"]
[BlackElo "1672"]
[Opening "Caro-Kann: advance variation"]
[ECO "B12"]
[Time "14:00:12"]
[TimeControl "2700+45"]

1. e4 c6 2. d4 d5 3. e5 c5 4. dxc5 Nc6 5. Nf3 e6 6. Be3 Qc7 7. Bb5 Bd7 8. Bxc6
Bxc6 9. Nc3 Ne7 10. b4 Nf5 11. Qd2 Nxe3 12. Qxe3 a6 13. O-O Be7 14. Nd4 Bd7 15.
f4 a5 16. a4 axb4 17. Ncb5 Qxc5 {White resigns} 0-1

[Event "Team 45 45 League T45"]
[Site "Internet Chess Club"]
[Date "2010.06.13"]
[Round "6"]
[White "chickenhead"]
[Black "chessateer"]
[Result "1/2-1/2"]
[WhiteElo "1892"]
[BlackElo "1864"]
[Opening "QGD: Tarrasch defense"]
[ECO "D32"]
[Time "15:00:11"]
[TimeControl "2700+45"]

1. d4 d5 2. c4 e6 3. Nc3 c5 4. dxc5 d4 5. Ne4 Bxc5 6. Nxc5 Qa5+ 7. Bd2 Qxc5 8.
b4 Qc7 9. e3 dxe3 10. Bxe3 Nf6 11. Nf3 O-O 12. Be2 Nc6 13. Qb3 b6 14. O-O Bb7
15. Rfd1 Rad8 16. Bg5 Rxd1+ 17. Rxd1 Ne4 18. Bh4 Qf4 19. a3 g5 20. Bg3 Nxg3 21.
hxg3 Qf6 22. Rd7 Ba8 23. Qe3 Rd8 24. Rxd8+ Qxd8 25. Qxg5+ Qxg5 26. Nxg5 Nd4 27.
Bd3 h6 28. Ne4 Bc6 29. b5 Bxe4 30. Bxe4 Nb3 31. Bd3 Nc5 32. Bc2 Kg7 33. f4 f6
34. g4 e5 35. g3 Kf7 36. Kf2 Ke7 37. Ke3 Kf7 38. Kf3 Kg7 39. g5 hxg5 40. fxg5
fxg5 41. Kg4 Kf6 {Game drawn by mutual agreement} 1/2-1/2

[Event "Team 45 45 League T45"]
[Site "Internet Chess Club"]
[Date "2010.06.11"]
[Round "6"]
[White "kidcobra"]
[Black "BartL"]
[Result "0-1"]
[WhiteElo "1503"]
[BlackElo "1838"]
[Opening "French: exchange variation"]
[ECO "C01"]
[Time "09:02:32"]
[TimeControl "2700+45"]

1. e4 e6 2. d4 d5 3. exd5 exd5 4. Nc3 Bb4 5. Bd2 Nf6 6. a3 Ba5 7. Bb5+ c6 8. Ba4
O-O 9. Nge2 Re8 10. O-O Bg4 11. b4 Bb6 12. Be3 Bh5 13. Re1 Ne4 14. Nxe4 Rxe4 15.
Rc1 Qe7 16. c3 Bc7 17. Bc2 Re6 18. Qd3 Bg6 19. Qd2 Bxc2 20. Rxc2 Nd7 21. Bg5 Nf6
22. Rcc1 Re8 23. Bxf6 Qxf6 24. Ng3 Bf4 25. Rxe6 Rxe6 26. Qd1 Bxc1 27. Qxc1 Qg6
28. h3 h5 29. h4 Qg4 30. Qg5 Qxg5 31. hxg5 Re1+ 32. Kh2 g6 33. f3 Re3 34. Nf1
Rxc3 35. Kg3 Rxa3 36. Kf4 Rb3 37. Ke5 Rxb4 38. Kd6 Rxd4 39. Kc7 Rb4 40. Ne3 a5
41. g4 a4 42. gxh5 gxh5 43. Kd6 a3 44. Nc2 Rb3 45. Nxa3 Rxa3 46. f4 Rf3 47. g6
fxg6 48. Ke5 Rxf4 49. Kxf4 Kg7 50. Kg5 b5 51. Kf4 Kf6 52. Kg3 g5 53. Kh3 Kf5 54.
Kg3 c5 55. Kh3 b4 56. Kg3 c4 57. Kh3 d4 58. Kg3 b3 59. Kh3 c3 60. Kg3 d3 61. Kh3
Kf4 62. Kg2 g4 63. Kh2 h4 64. Kg1 Kf3 65. Kh1 g3 66. Kg1 h3 67. Kh1 d2 68. Kg1
c2 69. Kf1 b2 70. Kg1 b1=Q# {White checkmated} 0-1

[Event "Team 45 45 League T45"]
[Site "Internet Chess Club"]
[Date "2010.06.14"]
[Round "6"]
[White "parrot9"]
[Black "OGO"]
[Result "1-0"]
[WhiteElo "1635"]
[BlackElo "1563"]
[Opening "Scotch game"]
[ECO "C45"]
[Time "15:00:14"]
[TimeControl "2700+45"]

1. e4 e5 2. Nf3 Nc6 3. d4 exd4 4. Nxd4 Nxd4 5. Qxd4 d6 6. Nc3 Be7 7. Be3 Nf6 8.
f3 O-O 9. O-O-O Be6 10. g4 Nd7 11. g5 Bxg5 12. f4 Bf6 13. Qd2 Nb8 14. f5 Bd7 15.
Nd5 Bc6 16. Nxf6+ Qxf6 17. Rg1 Nd7 18. Bg5 Qe5 19. Bh6 g6 20. fxg6 fxg6 21. Bc4+
Kh8 22. Bxf8 Rxf8 23. Rdf1 Rxf1+ 24. Rxf1 Nf6 25. Qh6 Qe7 26. Qg5 Kg7 27. Bd3
Qe6 28. h4 Nxe4 29. Qf4 Nf6 30. h5 Be8 31. h6+ Kf7 32. Bc4 d5 33. Bxd5 Qxd5 34.
Qxf6+ {Black resigns} 1-0

[Event "Team 45 45 League T45"]
[Site "Internet Chess Club"]
[Date "2010.06.14"]
[Round "6"]
[White "Philly-Boy"]
[Black "tsia68"]
[Result "1-0"]
[WhiteElo "1877"]
[BlackElo "1844"]
[Opening "King's Indian: Four pawns attack"]
[ECO "E77"]
[Time "17:24:23"]
[TimeControl "2700+45"]

1. d4 g6 2. c4 Nf6 3. Nc3 Bg7 4. e4 d6 5. Be2 O-O 6. f4 c5 7. d5 e6 8. Nf3 exd5
9. exd5 Bg4 10. O-O Re8 11. h3 Bxf3 12. Rxf3 Nbd7 13. Bd3 a6 14. Qf1 Rb8 15. a4
Qc7 16. Bd2 Rbc8 17. Re1 Rxe1 18. Bxe1 Re8 19. Kh1 Qc8 20. Bd2 Qc7 21. Bc2 Qb6
22. b3 Qc7 23. g4 h5 24. g5 Nh7 25. h4 Nhf8 26. Rf2 f5 27. gxf6 Nxf6 28. f5 Ng4
29. Re2 Rxe2 30. Qxe2 Qf7 31. fxg6 Nxg6 32. Qe6 N6e5 33. Qxf7+ Kxf7 34. Ne4 Ke7
35. Bg5+ Kd7 36. Kg2 Nf7 37. Bd2 Be5 38. Ng3 Bf6 39. Nxh5 Nfh6 40. Nxf6+ Nxf6
41. Bxh6 {Black resigns} 1-0

[Event "Team 45 45 League T45"]
[Site "Internet Chess Club"]
[Date "2010.06.11"]
[Round "6"]
[White "VietLion"]
[Black "Eyechess"]
[Result "0-1"]
[WhiteElo "1860"]
[BlackElo "1747"]
[Opening "French: Rubinstein variation"]
[ECO "C10"]
[Time "16:04:36"]
[TimeControl "2700+45"]

1. e4 e6 2. d4 d5 3. Nc3 dxe4 4. Nxe4 Be7 5. Nf3 Nf6 6. Ng3 O-O 7. Bd3 c5 8. c3
cxd4 9. cxd4 Nc6 10. O-O h6 11. a3 Qb6 12. b4 Bd6 13. Bb1 a5 14. Qd3 Bxg3 15.
bxa5 Bxh2+ 16. Kxh2 Qa6 17. Qd1 Rd8 18. Rh1 Nxd4 19. Nxd4 Qd6+ 20. g3 Qxd4 21.
Qxd4 Rxd4 22. Bb2 Rd2 23. Bc3 Rxf2+ 24. Kh3 e5+ 25. g4 Rf3+ 26. Kh4 Rxc3 27. g5
hxg5+ 28. Kxg5 Rg3+ {White resigns} 0-1

[Event "Team 45 45 League T45"]
[Site "Internet Chess Club"]
[Date "2010.06.11"]
[Round "6"]
[White "Grenadier"]
[Black "PJ"]
[Result "1/2-1/2"]
[WhiteElo "1725"]
[BlackElo "1754"]
[Opening "Ruy Lopez: closed, Pilnik variation"]
[ECO "C90"]
[Time "07:30:40"]
[TimeControl "2700+45"]

1. e4 e5 2. Nf3 Nc6 3. Bb5 a6 4. Ba4 Nf6 5. O-O Be7 6. Re1 b5 7. Bb3 d6 8. c3
O-O 9. d3 Na5 10. Bc2 c5 11. Bg5 h6 12. Bh4 Nc6 13. Nbd2 g5 14. Bg3 Nh7 15. Nf1
g4 16. N3d2 Ng5 17. f4 gxf3 18. Nxf3 Bg4 19. Ne3 Qd7 20. Nxg4 Qxg4 21. Nxg5 Qxg5
22. Rf1 Nd8 23. Rf5 Qg6 24. Bb3 Ne6 25. Qf3 Rac8 26. Bd5 Nc7 27. Bb3 Ne6 28. Rf1
c4 29. dxc4 bxc4 30. Ba4 Nc5 31. Bc2 Rb8 32. b3 cxb3 33. axb3 Nxb3 34. Qd1 Nc5
35. R1f3 Kh7 36. Bf2 Qe6 37. Be3 Bg5 38. Bxg5 hxg5 39. Rh3+ Kg7 40. Qh5 Rh8 41.
Rxg5+ Kf6 42. Rf5+ Ke7 43. Qg5+ f6 44. Qg7+ Qf7 45. Rg3 Rhg8 46. Qxf7+ Kxf7 47.
Rgf3 Rg6 48. h4 Rb2 49. h5 Rh6 50. Rf2 Ke6 51. g4 a5 52. g5 fxg5 53. Rxg5 Ke7
54. Rg7+ Ke8 55. Ra7 Rxh5 56. Rxa5 Rg5+ 57. Kf1 Ke7 58. Ra7+ Rb7 59. Rxb7+ Nxb7
60. Bb3 Rg7 61. Ra2 Nc5 62. Ra7+ Kf6 63. Rxg7 Kxg7 64. Bd5 Na4 65. c4 Kf6 66.
Kf2 Kg5 67. Kg3 Nc5 68. Bc6 Ne6 69. Bd5 Nf4 70. Bf7 Ne2+ {Game drawn by mutual
agreement} 1/2-1/2

[Event "Team 45 45 League T45"]
[Site "Internet Chess Club"]
[Date "2010.06.13"]
[Round "6"]
[White "Konstantinos"]
[Black "BrerRabbit"]
[Result "1-0"]
[WhiteElo "1747"]
[BlackElo "1476"]
[Opening "King's Indian, 3.Nf3"]
[ECO "E60"]
[Time "15:31:59"]
[TimeControl "2700+45"]

1. d4 Nf6 2. c4 g6 3. Nf3 Bg7 4. e3 O-O 5. b3 d6 6. Bb2 Nbd7 7. Be2 Re8 8. O-O
b6 9. Nc3 Bb7 10. Re1 e5 11. dxe5 dxe5 12. Qc2 c6 13. Rad1 Qc7 14. Nd2 Rad8 15.
Nce4 Nxe4 16. Nxe4 Nf6 17. Bf3 Bc8 18. Nxf6+ Bxf6 19. Be4 Bg7 20. Rxd8 Rxd8 21.
Rd1 Rxd1+ 22. Qxd1 Be6 23. h3 f6 24. Qd2 Bf8 25. Kf1 Be7 26. Ke2 f5 27. Bb1 Qd6
28. Qxd6 Bxd6 29. f3 Kf7 30. g4 f4 31. exf4 exf4 32. Be4 Bd7 33. Kd3 c5 34. Bd5+
Be6 35. Ke4 g5 36. Be5 Ke7 37. Bg7 Kf7 38. Be5 Ke7 39. Bb2 Bd7 40. Bg8 h5 41.
Bd5 h4 42. Bg7 b5 43. cxb5 Bxb5 44. Kf5 Kd7 45. Kxg5 Kc7 46. Kxh4 Kb6 47. Kg5
Ka5 48. h4 Kb4 49. h5 a5 50. h6 a4 51. h7 Be2 52. h8=Q Bxf3 53. Bc3+ Ka3 54.
Bb2+ Kxa2 55. bxa4+ Bxd5 56. Bc1 f3 57. Qb2# {Black checkmated} 1-0

[Event "Team 45 45 League T45"]
[Site "Internet Chess Club"]
[Date "2010.06.14"]
[Round "6"]
[White "eurander"]
[Black "Positron"]
[Result "0-1"]
[WhiteElo "2219"]
[BlackElo "2205"]
[Opening "Sicilian: Alapin's variation (2.c3)"]
[ECO "B22"]
[Time "16:50:40"]
[TimeControl "2700+45"]

1. e4 c5 2. c3 e5 3. d4 cxd4 4. cxd4 exd4 5. Qxd4 Nc6 6. Qd1 Bb4+ 7. Bd2 Qe7 8.
Bd3 d5 9. Qe2 Nf6 10. exd5 Nxd5 11. Qxe7+ Ncxe7 12. Ne2 O-O 13. a3 Bxd2+ 14.
Nxd2 Rd8 15. Rd1 Bg4 16. g3 Nb6 17. Bc2 Rac8 18. Bb3 Nc6 19. f3 Bf5 20. Kf2 Ne5
21. Ne4 Bxe4 22. fxe4 Nd3+ 23. Ke3 Nxb2 24. Rxd8+ Rxd8 25. Nf4 N6c4+ 26. Kf2
Rd2+ 27. Kf3 g5 28. Rc1 b5 29. Bxc4 Nxc4 30. Nd5 Ne5+ 31. Ke3 Rd3+ 32. Ke2 Rxa3
33. Ne7+ Kf8 34. Nf5 Nc4 {White resigns} 0-1

[Event "Team 45 45 League T45"]
[Site "Internet Chess Club"]
[Date "2010.06.12"]
[Round "6"]
[White "Chatica"]
[Black "pestka"]
[Result "0-1"]
[WhiteElo "2044"]
[BlackElo "2215"]
[Opening "Danish gambit: Sorensen defense"]
[ECO "C21"]
[Time "23:43:36"]
[TimeControl "2700+45"]

1. e4 e5 2. d4 exd4 3. c3 d5 4. Qxd4 Nf6 5. exd5 Qxd5 6. Qxd5 Nxd5 7. Nf3 Nc6 8.
Bc4 Be6 9. Ng5 Ne5 10. Nxe6 Nxc4 11. Nxf8 Rxf8 12. O-O O-O-O 13. b3 Ne5 14. Ba3
Rfe8 15. c4 Nf4 16. Nc3 Rd3 17. Nd1 Nxc4 18. Bc5 Nd2 19. Nb2 Nxf1 20. Kxf1 Rd5
21. Be3 Nd3 22. Na4 b6 23. Nc3 Rd7 24. g3 Nb4 25. Bf4 Nd5 26. Nxd5 Rxd5 27. Kg2
c5 28. Be3 Kb7 29. Kf3 Kc6 30. Rc1 b5 31. Rc2 a5 32. Rc1 Ra8 33. Ke2 b4 34. Rc2
a4 35. Bd2 axb3 36. axb3 Kb5 37. Bc1 Ra1 {White resigns} 0-1

[Event "Team 45 45 League T45"]
[Site "Internet Chess Club"]
[Date "2010.06.16"]
[Round "6"]
[White "tourettes"]
[Black "baumhauer"]
[Result "0-1"]
[WhiteElo "1529"]
[BlackElo "1908"]
[Opening "Sicilian: closed"]
[ECO "B23"]
[Time "15:01:06"]
[TimeControl "2700+45"]

1. e4 c5 2. Nc3 g6 3. g3 Bg7 4. Bg2 e6 5. Nge2 Ne7 6. O-O Nbc6 7. d3 O-O 8. Be3
b6 9. Qd2 d5 10. exd5 exd5 11. Bh6 d4 12. Bxg7 Kxg7 13. Ne4 f5 14. Ng5 h6 15.
Nf3 Rb8 16. Rae1 Qd6 17. Qf4 Qf6 18. Qd2 Be6 19. Nf4 Bf7 20. a3 g5 21. Ne2 Nd5
22. h3 b5 23. Nh2 b4 24. f4 Ne3 25. fxg5 hxg5 26. Rf2 Qd6 27. Nf3 Bd5 28. axb4
Nxb4 29. c4 Ba8 30. Bh1 Kg6 31. h4 g4 32. Ng5 Bxh1 33. Nf4+ Kh6 34. Kxh1 Nbc2
35. Rb1 Qc6+ 36. Kh2 Rfe8 37. Nfe6 Rxe6 38. Nxe6 Qxe6 39. Qa5 Qb6 40. Qxb6+ Rxb6
41. b3 a5 42. Rb2 Ne1 43. Ra2 Nf3+ 44. Kh1 Rxb3 45. Rfb2 Rxd3 46. Ra1 Nxc4 47.
Rb8 Rd2 {White resigns} 0-1

[Event "Team 45 45 League T45"]
[Site "Internet Chess Club"]
[Date "2010.06.10"]
[Round "6"]
[White "Troparion"]
[Black "b-spot"]
[Result "1-0"]
[WhiteElo "1804"]
[BlackElo "1730"]
[Opening "Sicilian: Najdorf, Zagreb (fianchetto) variation"]
[ECO "B91"]
[Time "19:00:15"]
[TimeControl "2700+45"]

1. e4 c5 2. Nf3 d6 3. d4 cxd4 4. Nxd4 Nf6 5. Nc3 a6 6. g3 e5 7. Nde2 Nbd7 8. Bg2
b5 9. a4 b4 10. Nd5 Nxd5 11. Qxd5 Nb6 12. Qd3 a5 13. b3 Ba6 14. Qd2 Be7 15. O-O
O-O 16. Bb2 Rc8 17. Rac1 Qc7 18. f4 exf4 19. gxf4 d5 20. Be5 Bc5+ 21. Kh1 Qd7
22. exd5 Qg4 23. Rf3 f6 24. Bb2 Bxe2 25. Qxe2 Nxd5 26. Bh3 Nxf4 27. Qc4+ {Black
resigns} 1-0

[Event "Team 45 45 League T45"]
[Site "Internet Chess Club"]
[Date "2010.06.11"]
[Round "6"]
[White "f5"]
[Black "DTK"]
[Result "0-1"]
[WhiteElo "2087"]
[BlackElo "2184"]
[Opening "Old Benoni defense"]
[ECO "A46"]
[Time "16:19:38"]
[TimeControl "2700+45"]

1. d4 Nf6 2. Nf3 c5 3. d5 b5 4. Bg5 Ne4 5. Bf4 Bb7 6. Qd3 f5 7. Qxb5 Bxd5 8.
Nfd2 Qb6 9. a4 Nc6 10. c4 Nd4 11. Qxb6 axb6 12. Na3 Nxd2 13. Bxd2 Bc6 14. Bc3
Rxa4 15. e3 Rxa3 16. Rxa3 Nc2+ 17. Kd2 Nxa3 18. bxa3 e6 19. f3 Kf7 20. Be2 Bd6
21. h4 Ra8 22. Ra1 Be7 23. h5 Bf6 24. g3 Bxc3+ 25. Kxc3 Kf6 26. f4 h6 27. Kb3 d6
28. Rg1 d5 29. g4 fxg4 30. Rxg4 Be8 31. Rh4 d4 32. e4 e5 33. f5 Bf7 34. Kb2 Ra4
35. Rh3 Bxc4 36. Bxc4 Rxc4 37. Rg3 d3 38. Rxd3 Rxe4 39. Rd6+ Kxf5 40. Rxb6 Rh4
41. Rg6 Rxh5 42. Rxg7 e4 43. Kc2 Ke5 44. a4 Kd4 45. Rd7+ Kc4 46. Kd2 Rd5+ {White
resigns} 0-1

[Event "Team 45 45 League T45"]
[Site "Internet Chess Club"]
[Date "2010.06.09"]
[Round "6"]
[White "bobhill"]
[Black "chsrules88"]
[Result "1-0"]
[WhiteElo "1946"]
[BlackElo "1984"]
[Opening "Torre attack (Tartakower variation)"]
[ECO "D03"]
[Time "22:55:07"]
[TimeControl "2700+45"]

1. d4 d5 2. Nf3 Nf6 3. Bg5 h6 4. Bh4 g5 5. Bg3 e6 6. e3 Bd6 7. Bd3 Ne4 8. Nbd2
f5 9. Ne5 Nxg3 10. hxg3 Bxe5 11. Qh5+ Kf8 12. dxe5 Nc6 13. Nf3 Kg7 14. g4 Qe8
15. gxf5 exf5 16. O-O-O Qxh5 17. Rxh5 Be6 18. Nd4 Nxd4 19. exd4 f4 20. f3 Bf7
21. Rh2 Bg6 22. g4 h5 23. Bxg6 Kxg6 24. Rdh1 h4 25. Kd2 Rhe8 26. Kd3 c5 27. c3
c4+ 28. Kc2 b5 29. b3 cxb3+ 30. axb3 a5 31. Kd3 Kf7 32. Ra1 Ra6 33. c4 dxc4+ 34.
bxc4 bxc4+ 35. Kxc4 Ke6 36. d5+ Kd7 37. Kd4 Rb8 38. Ke4 Rb5 39. Kf5 Rxd5 40.
Kxg5 Ke6 41. Kxf4 Rb6 42. Rxh4 Rb4+ 43. Kg3 Rxe5 44. Rh6+ Kf7 45. Ra6 Rbb5 46.
f4 Re3+ 47. Kh4 Re4 48. Rc1 Rxf4 49. Rc7+ Kg8 50. Ra8+ Rf8 51. Raa7 Rf4 52. Rc8+
Rf8 53. Rxf8+ Kxf8 54. g5 Rb4+ 55. Kh5 a4 56. Kh6 Rh4+ 57. Kg6 Rb4 58. Ra8+ Ke7
59. Kg7 Ke6 60. g6 Rg4 61. Kh7 Rh4+ 62. Kg8 Rg4 63. g7 Ke7 64. Kh7 Rh4+ 65. Kg6
Rg4+ 66. Kh6 Kd6 67. Ra6+ Kc5 68. Rg6 Rxg6+ 69. Kxg6 Kb4 70. g8=Q Ka3 71. Kf5
Kb2 72. Qb8+ Ka2 73. Qb4 a3 74. Ke4 Ka1 75. Qxa3+ Kb1 76. Qh3 Ka1 77. Qg2 Kb1
78. Kd3 Ka1 79. Kc3 Kb1 80. Qb2# {Black checkmated} 1-0

[Event "Team 45 45 League T45"]
[Site "Internet Chess Club"]
[Date "2010.06.12"]
[Round "6"]
[White "charles-allen"]
[Black "Beddathanme"]
[Result "1-0"]
[WhiteElo "1864"]
[BlackElo "1792"]
[Opening "Sicilian: Alapin's variation (2.c3)"]
[ECO "B22"]
[Time "21:00:35"]
[TimeControl "2700+45"]

1. e4 c5 2. c3 Nc6 3. d4 cxd4 4. cxd4 d6 5. Nc3 g6 6. h3 Bg7 7. Nf3 a6 8. Bf4 e6
9. Be2 Nge7 10. O-O O-O 11. Qd2 b5 12. Rac1 Bb7 13. Bh6 b4 14. Nd1 d5 15. Bxg7
Kxg7 16. e5 Qb6 17. Ne3 Rac8 18. Rc5 Na5 19. Rfc1 Rxc5 20. dxc5 Qc7 21. Qxb4 Rb8
22. Qf4 h6 23. Qf6+ Kg8 24. g4 Nac6 25. Qh4 Kg7 26. g5 h5 27. Qf4 Nf5 28. Nxf5+
exf5 29. Bd3 Bc8 30. Rc2 Nb4 31. Rd2 Be6 32. Nd4 Qxc5 33. Qe3 Qc1+ 34. Bf1 Nxa2
35. Nxe6+ Kh7 36. Qa7 Rf8 37. Nxf8+ {Black resigns} 1-0

[Event "Team 45 45 League T45"]
[Site "Internet Chess Club"]
[Date "2010.06.12"]
[Round "6"]
[White "Beetlejuice"]
[Black "Kingofknights"]
[Result "1/2-1/2"]
[WhiteElo "1790"]
[BlackElo "1653"]
[Opening "QGD Slav: 4.e3"]
[ECO "D11"]
[Time "14:00:24"]
[TimeControl "2700+45"]

1. d4 d5 2. c4 c6 3. Nf3 Nf6 4. e3 Bg4 5. h3 Bh5 6. Nc3 a6 7. g4 Bg6 8. Qb3 b5
9. cxd5 Nxd5 10. Ne5 Nxc3 11. bxc3 Qd5 12. Qxd5 cxd5 13. Nxg6 hxg6 14. a4 bxa4
15. Rxa4 e6 16. c4 dxc4 17. Bxc4 Bd6 18. e4 Ke7 19. e5 Bc7 20. Ba3+ Kd7 21. Bf1
Nc6 22. Bc5 a5 23. Bg2 Rab8 24. O-O Rb3 25. Rc1 Nb4 26. Raa1 Nd5 27. Ra3 Rhb8
28. Ra2 Nf4 29. Kh2 Nxg2 30. Kxg2 Rh8 31. f3 Rhb8 32. Rac2 Rb2 33. Ba3 Rxc2+ 34.
Rxc2 Bb6 35. Rd2 Rc8 36. d5 Bc5 37. Bxc5 Rxc5 38. dxe6+ Kxe6 39. f4 Rc6 40. Kf3
a4 41. Rd4 Ra6 42. Ke4 a3 43. f5+ gxf5+ 44. gxf5+ Ke7 45. Rd1 a2 46. Ra1 Kd7 47.
h4 g6 48. e6+ Ke7 49. exf7 gxf5+ 50. Kxf5 Kxf7 51. Ke4 {Game drawn by mutual
agreement} 1/2-1/2